Cogmind - Beta 14 @@@ ROGUE MODE // 2024.11.24 @ 14:29:21 Player: Fangrelle Result: Destroyed by H-55 Commando with Gauss Rifle Performance ------------- Evolutions (2) 1000 Regions Visited (5) 1000 Robots Destroyed (67) 335 Value Destroyed (1971) 1971 Prototype IDs (13) 260 Alien Tech Used (0) 0 Bonus (515) 515 TOTAL SCORE: 5081 Bonus ------- High Alert Combat Kills 243 Follower Combat Kills 501 Friendly Fire -229 Cogmind --------- Core Integrity 0/550 Matter 200/300 Energy 445/450 System Corruption 1% Temperature Cool (2) Movement Treading (320) Ox2 Location -8/Storage Parts ------- > --- POWER (1+1) ------ Deuterium Engine (+) Deuterium Engine > --- PROPULSION (2+1) - Light Treads Medium Treads > --- UTILITY (6+1) ---- Huge Storage Unit Improved Melee Analysis Suite Light Armor Plating Light Armor Plating Hacking Suite High-powered Tractor Beam (+) Rainbow Chip > --- WEAPON (2+1) ----- Katana Makeshift Sword > --- INVENTORY (25) --- Makeshift Flight Unit Makeshift Flight Unit Makeshift Flight Unit Flightbrick High-capacity Storage Unit High-capacity Matter Pod (191) Machine Analyzer Improved Signal Interpreter Improved Utility Shielding Hacking Suite System Shield High-powered Tractor Beam Recalibrator Cobbler Unit V3-11A's Pendant Riot Gun Heavy Battle Rifle Heavy Battle Rifle Assault Cannon Mini Grenade Launcher Peak State ------------ > --- POWER ------------ Deuterium Engine Deuterium Engine > --- PROPULSION ------- Light Treads Medium Treads > --- UTILITY ---------- Huge Storage Unit Machine Analyzer Improved Melee Analysis Suite Improved Utility Shielding Hacking Suite High-powered Tractor Beam Rainbow Chip > --- WEAPON ----------- Katana Makeshift Sword > --- INVENTORY -------- Makeshift Flight Unit Makeshift Flight Unit Makeshift Flight Unit Flightbrick High-capacity Storage Unit High-capacity Matter Pod Improved Signal Interpreter Light Armor Plating Light Armor Plating Hacking Suite System Shield High-powered Tractor Beam Recalibrator Cobbler Unit V3-11A's Pendant Riot Gun Heavy Battle Rifle Heavy Battle Rifle Assault Cannon Mini Grenade Launcher [Rating: 57] Favorites ----------- Power Ion Engine Engine Ion Engine Propulsion Light Treads Treads Light Treads Leg Aluminum Leg Wheel Subdweller Monowheel Flight Unit Xenon Bombardment Thruster Utility High-capacity Storage Unit Device V3-11A's Pendant Storage High-capacity Storage Unit Processor Improved Melee Analysis Suite Hackware Hacking Suite Protection Makeshift Light Armor Plating Weapon Heavy EM Pulse Gun Energy Gun Heavy EM Pulse Gun Energy Cannon Heavy Particle Cannon Ballistic Gun Assault Rifle Ballistic Cannon Light Cannon Launcher Grenade Launcher Special Weapon Mining Laser Slashing Weapon Makeshift Axe Build | -11 -10 -10 -10 -8 -8 ------- Run | Yrd Mat Min Sub Mat Sto Slots Evolved 4 | . . . . 4 . Power . | . . . . . . Propulsion . | . . . . . . Utility 4 | . . . . 4 . Weapon . | . . . . . . Parts Attached 101 | . 7 1 15 60 18 Power 6 | . . . 1 4 1 Engine 6 | . . . 1 4 1 Core . | . . . . . . Reactor . | . . . . . . Propulsion 16 | . 3 . . 10 3 Treads 11 | . 2 . . 7 2 Leg 3 | . 1 . . 2 . Wheel 1 | . . . . . 1 Hover . | . . . . . . Flight 1 | . . . . 1 . Utility 50 | . 3 . 2 32 13 Device 16 | . . . 1 11 4 Storage 4 | . 2 . . 2 . Processor 8 | . . . . 7 1 Hackware 2 | . . . . 2 . Protection 20 | . 1 . 1 10 8 Artifact . | . . . . . . Weapon 29 | . 1 1 12 14 1 Energy Gun 7 | . 1 . 5 1 . Energy Cannon 1 | . . . . 1 . Ballistic Gun 4 | . . . 2 2 . Ballistic Cannon 3 | . . . 1 2 . Launcher 1 | . . 1 . . . Special Weapon 1 | . . . 1 . . Impact Weapon . | . . . . . . Slashing Weapon 12 | . . . 3 8 1 Piercing Weapon . | . . . . . . Special Melee Weapon . | . . . . . . Unidentified Prototypes 2 | . . . 1 1 . Parts Lost 18 | . 1 . 1 16 . Power 3 | . . . . 3 . Propulsion 4 | . . . 1 3 . Utility 8 | . . . . 8 . Weapon 3 | . 1 . . 2 . Highest Loss Streak 9 | . 1 . 1 9 . To Critical Strikes . | . . . . . . Average Slot Usage (%) 89 | . 99 100 96 79 88 Engine 10 | . 14 14 14 7 9 Treads 20 | . 22 28 25 15 9 Leg 1 | . 5 . . 1 6 Device 9 | . . . 12 8 5 Storage 12 | . 23 14 14 9 8 Processor 3 | . . . . 6 17 Protection 6 | . 3 14 1 12 5 Energy Gun 8 | . 13 14 16 . . Ballistic Gun 3 | . 14 12 4 1 . Ballistic Cannon 2 | . . . 2 1 . Slashing Weapon 8 | . . . 2 15 15 Peak Build Rating 57 | . 11 11 19 48 57 Average Rating 26 | . 7 11 16 38 39 On Entrance 14 | 6 6 11 11 16 37 Naked Turns . | . . . . . . Heaviest Build 298 | 14 69 56 56 298 109 Greatest Support 65 | 20 40 40 40 65 48 Greatest Overweight (x) 11 | . 3 1 2 11 5 Average Overweight (x) 2 | . 1 1 1 4 2 Largest Inventory Capacity 35 | . 20 20 20 35 25 Average Capacity 26 | . 19 20 20 34 25 Most Carried 35 | . 14 14 20 35 25 Average Carried 23 | . 7 14 19 29 23 Final Capacity 25 | 8 20 20 20 25 25 Final Carried 25 | 6 14 14 20 25 24 Class Distribution -------------------- 51% | Mutant 31% | Hauler-Mutant 8% | Hauler-Gladiator 4% | Scavenger-Mutant 3% | Scavenger-Gladiator Dominant Class ---------------- Mutant | -10/Materials Mutant | -10/Mines Mutant | -10/Subcaves Hauler-Mutant | -8/Materials Scavenger-Gladiator | -8/Storage Resources | -11 -10 -10 -10 -8 -8 ----------- Run | Yrd Mat Min Sub Mat Sto Matter Collected 3526 | 200 123 17 361 2215 610 Remotely 1308 | . . . . 1210 98 Salvage Created 2879 | . 191 17 190 1851 630 Parts 146 | . 10 2 11 90 33 Haulers Intercepted 1 | . 1 . . . . Recyclers Shooed 3 | . . . . 1 2 Parts Field Recycled . | . . . . . . Retrieved Matter . | . . . . . . Parts Self-Destructed 24 | . . . 24 . . Prevented . | . . . . . . Kills | -11 -10 -10 -10 -8 -8 ------- Run | Yrd Mat Min Sub Mat Sto Combat Hostiles Destroyed 45 | . 5 . . 34 6 Melee 33 | . . . . 27 6 Guns 8 | . 5 . . 3 . Cannons 4 | . . . . 4 . Classes Destroyed 15 | . 3 1 3 8 . Worker 5 | . . . . 5 . Builder 2 | . . 1 . 1 . Hauler 1 | . 1 . . . . Recycler 7 | . . . . 3 4 Mechanic 1 | . . . . 1 . Operator 2 | . . . . 2 . Watcher 3 | . . . . 2 1 Swarmer 8 | . 3 . . 5 . Grunt 29 | . 2 . . 23 4 Brawler 1 | . . . . 1 . Duelist 1 | . . . . 1 . Sentry 6 | . . . . 4 2 Artisan 3 | . . . 3 . . Cobbler 1 | . . . 1 . . Subdweller 2 | . . . 2 . . Best Kill Streak 6 | . 2 1 . 6 6 Combat Bots Only 6 | . 2 . . 6 3 Max Kills in Single Turn 1 | . 1 1 1 1 1 Gunslinging . | . . . . . . Exploded . | . . . . . . Melee 1 | . . . . 1 1 Uniques/NPCs Destroyed . | . . . . . . Combat | -11 -10 -10 -10 -8 -8 -------- Run | Yrd Mat Min Sub Mat Sto Hostile Shots Fired 353 | . 16 . 20 280 37 Missed 88 | . 3 . 6 67 12 Damage Taken 4245 | . 212 . 235 3451 347 Core 646 | . 48 . 30 469 99 Absorbed by Shields . | . . . . . . Ignored by Resistances 2 | . . . . 2 . Core Remaining (%) 84 | 100 . . 68 . . Volleys Fired 70 | . 13 1 25 31 . Largest 2 | . 2 1 2 2 . Hottest 120 | . 65 30 120 92 . Shots Fired 134 | . 27 1 44 62 . Gun 74 | . 27 . 27 20 . Cannon 47 | . . . 5 42 . Launcher 1 | . . 1 . . . Special 12 | . . . 12 . . Kinetic 90 | . 13 . 15 62 . Thermal 12 | . . . 12 . . Explosive 1 | . . 1 . . . Electromagnetic 31 | . 14 . 17 . . Robot Hit Streak 8 | . 6 . 7 8 . Robot Miss Streak 3 | . 3 . 2 3 . Penetration Max . | . . . . . . Secondary Targets 3 | . 1 . . 2 . Max Gunslinging Chain 1 | . 1 . . 1 . Shots Hit Robots 183 | . 14 . 14 131 24 Core Hits 82 | . 9 1 5 56 11 Critical Kills 3 | . . . . 3 . Critical Parts Destroyed . | . . . . . . Critical Strikes 15 | . . . . 13 2 Destroy 3 | . . . . 3 . Blast 1 | . . . . 1 . Sever 11 | . . . . 9 2 Melee Attacks 195 | . . . 15 143 37 Impact . | . . . . . . Slashing 195 | . . . 15 143 37 Piercing . | . . . . . . Sneak Attacks 20 | . . . 1 15 4 Combat Hostiles . | . . . . . . Follow-up Attacks 18 | . . . . 14 4 Damage Inflicted 6480 | . 171 65 260 4965 1019 Guns 629 | . 171 . 172 286 . Cannons 733 | . . . . 733 . Explosions 65 | . . 65 . . . Melee 5053 | . . . 88 3946 1019 Ramming . | . . . . . . Kinetic 1111 | . 92 . . 1019 . Thermal . | . . . . . . Explosive 65 | . . 65 . . . Electromagnetic 251 | . 79 . 172 . . Impact . | . . . . . . Slashing 5053 | . . . 88 3946 1019 Piercing . | . . . . . . Highest Corruption 2 | . 2 2 2 . 1 Average Corruption 1 | . 2 2 2 . 1 Corruption Purged . | . . . . . . Corruption Blocked . | . . . . . . Effects 131 | . 9 4 112 . 6 Message Errors 33 | . 1 2 29 . 1 Matter Fused 24 | . 3 . 20 . 1 Heat Flow Errors 21 | . . . 20 . 1 Energy Discharges 16 | . . . 16 . . Parts Fused 1 | . . . 1 . . Data Loss (minor) 17 | . 2 1 13 . 1 Data Loss (major) 10 | . 1 1 6 . 2 Misfires 7 | . 1 . 6 . . Alerts 1 | . 1 . . . . Weapon Failures 1 | . . . 1 . . Overload Shots . | . . . . . . Overflow Damage 488 | . . . 58 351 79 Projectiles 35 | . . . . 35 . Explosions . | . . . . . . Melee 453 | . . . 58 316 79 Knockbacks 4 | . . . . 4 . Impact . | . . . . . . Kinetic 4 | . . . . 4 . Secondary . | . . . . . . Self-Inflicted Damage . | . . . . . . Shots . | . . . . . . Rammed . | . . . . . . Targets Rammed . | . . . . . . Kicked . | . . . . . . Crushed . | . . . . . . Highest Temperature 349 | . 78 . 251 349 101 Average Temperature 88 | . 38 . 88 97 43 Received Heat Transfer 1860 | . 33 . 27 1665 135 Effects 3 | . . . 1 2 . Energy Bleed 2 | . . . . 2 . Interference 1 | . . . 1 . . Siege Activations . | . . . . . . Robots Corrupted . | . . . . . . Combat Hostiles . | . . . . . . Parts Fried . | . . . . . . Impact Corruptions . | . . . . . . Robots Melted . | . . . . . . Combat Hostiles . | . . . . . . Parts Melted . | . . . . . . Heat Transferred . | . . . . . . Parts Sabotaged . | . . . . . . Parts Stolen . | . . . . . . Parts Stripped . | . . . . . . Power Chain Reactions . | . . . . . . Alert | -11 -10 -10 -10 -8 -8 ------- Run | Yrd Mat Min Sub Mat Sto Peak Influence 901 | . 107 31 . 901 467 Initial 376 | . . 21 . 150 376 Average 254 | . 42 21 . 272 327 Maximum Alert Level 3 | . . . . 3 2 Low Security (%) 49 | . 100 100 . 49 . Level 1 31 | . . . . 29 86 Level 2 11 | . . . . 13 13 Level 3 7 | . . . . 8 . Level 4 . | . . . . . . Level 5 . | . . . . . . High Security . | . . . . . . Max Security . | . . . . . . Squads Dispatched 10 | . . . . 9 1 Investigation 3 | . . . . 3 . Extermination . | . . . . . . Reinforcement 5 | . . . . 4 1 Assault 2 | . . . . 2 . Garrison . | . . . . . . Intercept . | . . . . . . Searches Triggered . | . . . . . . Construction Impeded 1 | . . . . 1 . Haulers Reinforced . | . . . . . . Active Scanning Responses . | . . . . . . Cargo Convoy Interrupts . | . . . . . . Stealth | -11 -10 -10 -10 -8 -8 --------- Run | Yrd Mat Min Sub Mat Sto Distress Signals 6 | . . . . 4 2 Communications Jammed . | . . . . . . Distress Signals . | . . . . . . Times Spotted 117 | . 5 . 26 74 12 Peak Tracking Total 8 | . 2 . 5 8 3 Tactical Retreats 15 | . 1 . 1 13 . Traps | -11 -10 -10 -10 -8 -8 ------- Run | Yrd Mat Min Sub Mat Sto Traps Triggered 4 | . 2 . . 1 1 Indirectly . | . . . . . . Trap Hack Attempts . | . . . . . . Triggered . | . . . . . . Disarmed . | . . . . . . Reprogrammed . | . . . . . . Reused . | . . . . . . Traps Extracted . | . . . . . . Installed 2 | . . . . . 2 Triggered . | . . . . . . Most Traps Carried 1 | . . . 1 . 1 Machines | -11 -10 -10 -10 -8 -8 ---------- Run | Yrd Mat Min Sub Mat Sto Machines Disabled 7 | . . . 2 4 1 Max in Single Turn 1 | . . . 1 . 1 Machines Repaired . | . . . . . . Machines Dismantled . | . . . . . . Machines Sabotaged . | . . . . . . Overloaded Fab Kills . | . . . . . . Hacking | -11 -10 -10 -10 -8 -8 --------- Run | Yrd Mat Min Sub Mat Sto Machines Accessed 13 | . 1 . 2 8 2 Terminals 8 | . 1 . . 5 2 Fabricators . | . . . . . . Repair Stations . | . . . . . . Recycling Units 2 | . . . . 2 . Scanalyzers 1 | . . . . 1 . Garrison Access . | . . . . . . Total Hacks 51 | . 5 . 14 21 11 Successful 37 | . 3 . 14 12 8 Failed 14 | . 2 . . 9 3 Catastrophic . | . . . . . . Database Lockouts . | . . . . . . Manual 31 | . 5 . . 16 10 Terminals 30 | . 5 . . 14 11 Fabricators . | . . . . . . Repair Stations . | . . . . . . Recycling Units 5 | . . . . 5 . Scanalyzers 2 | . . . . 2 . Garrison Access . | . . . . . . Terminal Hacks 22 | . 2 . 14 1 5 Record 13 | . . . 13 . . Robot Analysis 3 | . 2 . . . 1 Branch Access Points 2 | . . . . 1 1 Alert Level 1 | . . . . . 1 Unreport Threat 1 | . . . . . 1 Zone Layout 1 | . . . . . 1 Derelict Proto ID Bank 1 | . . . 1 . . Fabricator Hacks . | . . . . . . Repair Station Hacks . | . . . . . . Recycling Unit Hacks 2 | . . . . 2 . Retrieve Matter 1 | . . . . 1 . Retrieve Components 1 | . . . . 1 . Scanalyzer 2 | . . . . 2 . Insert Component 1 | . . . . 1 . Analyze 1 | . . . . 1 . Garrison Access Hacks . | . . . . . . Unauthorized Hacks 11 | . 1 . . 7 3 Terminals 10 | . 1 . . 6 3 Assimilate 3 | . . . . 2 1 Botnet 6 | . 1 . . 3 2 Operators 1 | . . . . 1 . Fabricators . | . . . . . . Repair Stations . | . . . . . . Recycling Units 1 | . . . . 1 . Tunnel 1 | . . . . 1 . Scanalyzers . | . . . . . . Garrison Access . | . . . . . . Data Cores Recovered . | . . . . . . Used . | . . . . . . Hacking Detections 9 | . 1 . . 6 2 Full Trace Events 1 | . . . . 1 . Feedback Events . | . . . . . . Feedback Blocked . | . . . . . . Robot Schematics Acquired . | . . . . . . Robots Built . | . . . . . . Authchips . | . . . . . . Time . | . . . . . . Total Robot Build Rating . | . . . . . . Part Schematics Acquired 1 | . . . . 1 . Parts Built . | . . . . . . Authchips . | . . . . . . Time . | . . . . . . Total Part Build Rating . | . . . . . . Parts Repaired . | . . . . . . Time . | . . . . . . Parts Recycled . | . . . . . . Recycled Matter . | . . . . . . Retrieved Matter . | . . . . . . Retrieved Components 5 | . . . . 5 . Parts Scanalyzed 1 | . . . . 1 . Part Schematics Acquired 1 | . . . . 1 . Parts Damaged . | . . . . . . Bothacking | -11 -10 -10 -10 -8 -8 ------------ Run | Yrd Mat Min Sub Mat Sto Used RIF Installer . | . . . . . . Robots Hacked . | . . . . . . Non-combat . | . . . . . . Combat . | . . . . . . Robot Hacks Applied . | . . . . . . Relay Couplers Released . | . . . . . . Fabnet Peak Effective % . | . . . . . . Robots Rewired . | . . . . . . Allies Hacked . | . . . . . . Hacks Repelled . | . . . . . . Allies | -11 -10 -10 -10 -8 -8 -------- Run | Yrd Mat Min Sub Mat Sto Total Allies 18 | . . . 18 . . Largest Group 10 | . . . 10 10 . Highest-Rated Group 191 | . . . 191 191 . Highest-Rated Ally 20 | . . . 20 20 . Total Orders . | . . . . . . Ally Attacks 171 | . . . 78 93 . Total Damage 3019 | . . . 1626 1393 . Kills 32 | . . . 17 15 . Allies Corrupted . | . . . . . . Allies Melted . | . . . . . . Intel | -11 -10 -10 -10 -8 -8 ------- Run | Yrd Mat Min Sub Mat Sto Robot Analysis Total 3 | . 2 . . . 1 Derelict Logs Recovered 1 | . . . 1 . . Drone Launches . | . . . . . . Drone Recoveries . | . . . . . . Exploration | -11 -10 -10 -10 -8 -8 ------------- Run | Yrd Mat Min Sub Mat Sto Turns Passed 15308 | . 511 318 6938 6765 776 Spaces Moved 4124 | 1 195 100 2678 1024 126 Core 7 | . . . . 7 . Treads 3888 | . 152 100 2678 870 88 Legs 194 | 1 43 . . 147 3 Wheels 35 | . . . . . 35 Hover . | . . . . . . Flight . | . . . . . . Fastest Speed 120 | 120 120 240 240 240 150 Average Speed 316 | 120 230 240 252 515 275 Slowest Speed 1050 | 120 330 240 320 1050 470 Overloaded Moves . | . . . . . . Propulsion Burnouts . | . . . . . . Robots Hopped . | . . . . . . Cave-ins Triggered . | . . . . . . Exploration Rate (%) 37 | 2 28 25 93 58 20 Regions Visited 5 Branch Regions 3 Pre-discovered Areas 2 | . . . 1 1 . Known Exits Taken 1 | . . . . 1 . Unknown Exits Taken 4 | 1 1 1 1 . . Scrap Searched 2 | . . . 2 . . Spaces Dug 11 | . . . 2 8 1 Terrain Destroyed 33 | . . 5 2 25 1 Melee 11 | . . . 2 8 1 Projectile 17 | . . . . 17 . AOE 5 | . . 5 . . . Terrain Rammed . | . . . . . . Walls Destroyed . | . . . . . . Machines Disabled . | . . . . . . Actions | -11 -10 -10 -10 -8 -8 --------- Run | Yrd Mat Min Sub Mat Sto Total 6088 | . 234 177 2788 2356 533 Wait 1443 | . . 76 27 1013 327 Move 4119 | . 194 99 2677 1023 126 Hop . | . . . . . . Pick Up 76 | . 13 . 13 41 9 Fast Attach 30 | . 3 . 2 20 5 Attach 44 | . 3 . . 30 11 Detach 21 | . . . 2 15 4 Swap 27 | . 1 1 13 10 2 Drop 94 | . 7 . 14 56 17 Fire 70 | . 13 1 25 31 . Melee 162 | . . . 15 117 30 Ram . | . . . . . . Kick . | . . . . . . Crush . | . . . . . . Escape Stasis . | . . . . . . Rewire . | . . . . . . Trap 2 | . . . . . 2 Miscellaneous . | . . . . . . Route ------- -11/Scrapyard -10/Materials -10/Mines -10/Subcaves (discovered 3 exits: *Mat x2 / *Rec) -8/Materials (discovered 2 exits: [*Fac] / *Sto) -8/Storage (discovered 1 exit: Rec) History --------- Turn | Location | Event 1 | -11/Scrapyard | Discovered new exit (range 0) 1 | -11/Scrapyard | Entered Materials 300 | -10/Materials | Build established: Mutant 329 | -10/Materials | Discovered new exit (range 10) 512 | -10/Materials | Entered Mines 808 | -10/Mines | Discovered new exit (range 10) 830 | -10/Mines | Entered Subcaves 856 | -10/Subcaves | Shifting Twisted Machinery released Mak. Flight Unit 1018 | -10/Subcaves | Discovered new exit (range 13) 1146 | -10/Subcaves | Visited triangular shrine 1161 | -10/Subcaves | Found Prototype Device 1161 | -10/Subcaves | Identified V3-11A's Pendant 1166 | -10/Subcaves | Befriended Subdweller 1271 | -10/Subcaves | Learned location of Zion (-6) 1271 | -10/Subcaves | Met a Zionite searching for "candidates" 1277 | -10/Subcaves | Shifting Twisted Machinery released Mak. Kinetic Plating 1555 | -10/Subcaves | Visited 4L-MR0's lab 1576 | -10/Subcaves | Found Flightbrick 1846 | -10/Subcaves | Visited Clippyterm 1853 | -10/Subcaves | Identified exit to Recycling 1853 | -10/Subcaves | Learned Factory emergency access door positions 2047 | -10/Subcaves | Approached by friendly Subdweller 2113 | -10/Subcaves | Shifting Twisted Machinery released Sub. Monowheel 2141 | -10/Subcaves | Discovered new exit (range 13) 2176 | -10/Subcaves | Befriended Subdweller 2176 | -10/Subcaves | Befriended Subdweller 2821 | -10/Subcaves | Befriended Subdweller 2831 | -10/Subcaves | Befriended Subdweller 2833 | -10/Subcaves | Shifting Twisted Machinery released Sub. Monowheel 2941 | -10/Subcaves | Befriended Subdweller 3186 | -10/Subcaves | Befriended Subdweller 3296 | -10/Subcaves | Befriended Subdweller 5031 | -10/Subcaves | Befriended Subdweller 5307 | -10/Subcaves | A Subdweller sparked back to life 5307 | -10/Subcaves | A Subdweller sparked back to life 5307 | -10/Subcaves | A Subdweller sparked back to life 5311 | -10/Subcaves | Befriended Subdweller 5311 | -10/Subcaves | Befriended Subdweller 5311 | -10/Subcaves | Befriended Subdweller 5626 | -10/Subcaves | Befriended Subdweller 5766 | -10/Subcaves | Shifting Twisted Machinery released Battle Cannon 5861 | -10/Subcaves | Befriended Subdweller 5872 | -10/Subcaves | Shifting Twisted Machinery released Unknown Slashing Weapon 6055 | -10/Subcaves | A swath of the cavern ceiling suddenly collapsed 6391 | -10/Subcaves | Befriended Subdweller 6391 | -10/Subcaves | Befriended Subdweller 6393 | -10/Subcaves | A swath of the cavern ceiling suddenly collapsed 6859 | -10/Subcaves | Ambushed by angry Subdweller bent on revenge 6861 | -10/Subcaves | Befriended Subdweller 7768 | -10/Subcaves | Entered Materials 7768 | -8/Materials | Accompanied by 10 allies 7768 | -8/Materials | Evolved 4 slots: Utility x4 8067 | -8/Materials | Build established: Hauler-Mutant 8371 | -8/Materials | Lost 3 allies 8647 | -8/Materials | Lost 3 allies 8648 | -8/Materials | Found Rainbow Chip 10942 | -8/Materials | Discovered new exit (range 16) 12909 | -8/Materials | Build established: Hauler-Gladiator 13368 | -8/Materials | First assault squad dispatched 13909 | -8/Materials | Core integrity fell below 50% 13943 | -8/Materials | Core integrity fell below 20% 13965 | -8/Materials | Lost 9 parts (1p2n4u2w) 14283 | -8/Materials | Build established: Scavenger-Mutant 14493 | -8/Materials | Identified exit to Storage 14533 | -8/Materials | Entered Storage 15009 | -8/Storage | Build established: Scavenger-Gladiator 15197 | -8/Storage | Attached Rainbow Chip, gained temporary slots: Power, Propulsion, Utility, Weapon 15309 | -8/Storage | Destroyed by H-55 Commando with Gauss Rifle Last Messages --------------- 15175_ Dropped Lgt. Armor Plating. 15176_ Acquired Unknown Protection. 15176_ Identified Imp. Propulsion Shielding. 15177_ Dropped Imp. Propulsion Shielding. 15180_ Acquired Lgt. Armor Plating. 15194_ Acquired Hacking Suite. 15195_ Dropped Lgt. Armor Plating. 15197_ Core temporarily expanded with Power slot. 15197_ Core temporarily expanded with Propulsion slot. 15197_ Core temporarily expanded with Utility slot. 15197_ Core temporarily expanded with Weapon slot. 15205_ Acquired Lgt. Armor Plating. 15209_ Acquired Unknown Protection. 15210_ Identified Imp. Utility Shielding. 15213_ Discarded Machine Analyzer. 15224_ Acquired Machine Analyzer. 15232_ System corrupted: Component data lost. 15269_ Penetrated by Slug. 15296_ Slug penetrates Wall. 15302_ Penetrated by Slug. Map ----- +----------------------------------------------------+ | ?#### #??# ! == [] *= ^]!#???? | | ? #??# ^ #################"###???? | | ?#### #####^[ ##?????###???????###?????? | | ????# * [######## ####????????????? | | ???## ##### !=# ##???????????? | | ?### # #???# # """ """ "#???????????? | | ? # #???# # """ """ T#???????????? | | ? # #???# + """ """ "#???????????? | | ?### # #???# # ##???????????? | | ?####+###/#???# # = #????????????? | | ? #???# # ! * #????????????? | | ? """" #??## ########+####????????????? | | ? """" #??# #######%###?????????????? | | ? """" #??# !! #?????????????? | | ? """" #??# T * #?????????????? | | ?????????????# = #?????????????? | | ?????????????# ########+#####??????????? | | ?????????????###+###???# #??????????? | | ???????????????????????# #??????????? | | ???????????????????????# " "" #??????????? | | ???????????????????????# "! "" #??????????? | | ???????????????????????# " """ #??????????? | | ???????????????????????# """]!" #??????????? | | ???????????????????????# "" " #??????????? | | ???????????????????????# h"" #??????????? | | ???????????????????????# @ #??????????? | | ???????????????????????#+#####+##??????????? | | ???????????????????????# #???# ??????????? | | ???????????????????????# #???# ????????? | | ???????????????????????# #???# ??????? | | ???????????????????????+ ??? """ ????? | | ???????????????????????###??? """ #??? | | ????????????????????????????? """ #??? | | ????????????????????????????? """ ! #??? | | ????????????????????????????? ""?? #??? | | ????????????????????????????? ???? ???? | | ???????????????????????????? ??????????? | | ???????????????????????????? ??????????? | | ???????????????????????????? !??????????? | | ???????????????????????????? !??????????? | | ????????????????????????????## !??????????? | | ?????????????????????????????? ??????????? | | ???????????????????????????????????????????? | | ???????????????????????????????????????????? | | ???????????????????????????????????????????? | | ???????????????????????????????????????????? | | ???????????????????????????????????????????? | | ???????????????????????????????????????????? | | ???????????????????????????????????????????? | | ???????????????????????????????????????????? | +----------------------------------------------------+ Best States ------------- Heat Dissipation 31 Energy Generation 23 Energy Capacity 450 Matter Stores 300 Matter Capacity 300 Sight Range 21 Terrain Scan Density 10 Additional Mass Support 9 Armor Coverage 1050 Resistance: KI 10 Evasion (%) 55 Targeting Accuracy 6 Melee Accuracy 12 Recoil Reduction 2 Offensive Hacking 10 Defensive Hacking 11 Item Schematics ----------------- Mak. System Shield | -8/Materials | Scanalyzed Robot Schematics ------------------ None Fabricated ------------ Nothing Alien Tech Used ----------------- None Achievements -------------- None Challenges ------------ None Game ------ Seed TechGrenadeShredder Manual? 0 Play Time 00:55:47 Cumulative 132.9 hours Start 2024.11.24 @ 13:27:24 End 2024.11.24 @ 14:29:21 Sessions 5 Manual Loads 0 Difficulty Rogue Special Mode None Game No. 249 Rogue 249 Adventurer 0 Explorer 0 Win Type - Total 0 Types 0/0/0/0/0/0/0/0/0 Lore% 43 Gallery% 41 Achievement% 36 Wizard Run 0 Options --------- Layout 0 ASCII 0 Keyboard 0 Movement Mouse Keybinds 0 Fullscreen 1 Font 24/Smallcaps Map View 91x25 Zoom Use 94% Tactical HUD 1 Map Filters NONE Filters NONE Steam 1 RUN: c4efefb7-78bf-40ee-b6eb-1ad0af693346